Map: Frozen Temple

Players

DeeJay - Winner!

  • Race: Zerg Zerg
  • League: Silver
  • Spawn Location: 11:00

Fropez

  • Race: Protoss Protoss
  • League: Gold
  • Spawn Location: 5:00

VOD

Have the link to the VOD?

Description

Time

  • Played on: Sept. 22, 2016, 4:20 p.m.
  • Length: 17:05
Show
View Real Time Build Order
Export as new Build Order

DeeJay Zerg - Winner!

Build Orders: Hatch First 

Get SALT Encoding   

  12  0:02  Drone  
  13  0:13  Overlord  
  13  0:24  Drone  
  14  0:32  Drone x2  
  16  0:56  Hatchery  
  15  1:05  Extractor  
  15  1:06  Drone x2  
  15  1:11  Drone  
  17  1:12  Extractor  
  16  1:19  Overlord  
  16  1:31  Spawning Pool  
  15  1:42  Drone  
  15  1:43  Drone  
  17  2:18  Queen  
  17  2:19  Queen  
  17  2:20  Metabolic Boost  
  21  2:25  Zergling x8  
  25  2:35  Drone x2  
  25  2:37  Drone  
  28  2:53  Drone  
  29  2:59  Drone  
  29  3:01  Drone x2  
  29  3:04  Overlord  
  30  3:38  Zergling x20  
  38  3:43  Drone  
  39  3:53  Lair  
  39  3:59  Hatchery  
  38  4:04  Drone  
  38  4:05  Drone  
  38  4:08  Drone x4  
  44  4:14  Overlord  
  41  4:28  Extractor  
  41  4:31  Extractor x2, Drone  
  39  4:32  Drone x2  
  39  4:34  Drone  
  39  4:35  Drone x2  
  45  4:45  Drone x2  
  45  4:46  Drone  
  45  4:47  Drone x3  
  45  4:50  Overlord  
  50  4:58  Spire, Drone  
  50  5:10  Drone x2  
  50  5:11  Drone  
  50  5:13  Drone x2  
  50  5:14  Drone  
  56  5:18  Queen  
  58  5:30  Infestation Pit  
  57  5:38  Drone x2  
  59  5:48  Overlord x2  
  59  5:49  Overlord  
  59  5:54  Pneumatized Carapace  
  59  5:57  Burrow  
  59  6:09  Hive  
  59  6:11  Zerg Flyer Weapons Level 1  
  59  6:19  Drone  
  59  6:20  Drone x11  
  69  6:39  Queen  
  68  7:04  Spore Crawler  
  68  7:06  Spore Crawler  
  68  7:07  Queen  
  68  7:09  Mutalisk  
  68  7:10  Mutalisk x7  
  84  7:16  Overlord x5  
  84  7:32  Drone x4, Hatchery  
  84  7:33  Drone x2  
  84  7:35  Extractor  
  84  7:36  Extractor  
  87  7:48  Hatchery  
  87  7:50  Adrenal Glands  
  86  7:51  Spire  
  85  7:58  Evolution Chamber  
  85  8:00  Evolution Chamber  
  85  8:03  Drone x2  
  85  8:04  Drone x2  
  85  8:05  Drone  
  88  8:11  Queen  
  89  8:30  Greater Spire  
  89  8:35  Corruptor x5  
  99  9:00  Drone x2  
  99  9:02  Queen, Drone  
  104  9:03  Queen  
  106  9:11  Zerg Flyer Armor Level 1  
  106  9:16  Zerg Ground Armor Level 1  
  106  9:17  Zerg Melee Weapons Level 1  
  106  9:22  Drone  
  106  9:29  Extractor, Drone  
  106  9:30  Extractor, Drone x2  
  108  9:31  Drone x3  
  110  9:42  Brood Lord x3  
  110  9:43  Brood Lord x2  
  120  9:51  Zergling x8  
  120  9:52  Zergling x34  
  141  9:56  Overlord x3  
  141  9:57  Overlord x2  
  141  10:34  Zergling x2  
  141  10:35  Zergling x34  
  156  10:48  Zerg Flyer Weapons Level 2  
  143  11:00  Corruptor  
  143  11:01  Corruptor x3  
  150  11:10  Overlord x5  
  150  11:11  Overlord x2  
  144  11:48  Corruptor x5  
  144  11:49  Corruptor  
  152  11:55  Zerg Flyer Armor Level 2  
  152  11:57  Queen  
  122  12:21  Ultralisk Cavern  
  122  12:22  Spore Crawler, Drone  
  119  12:23  Drone x4  
  119  12:24  Spore Crawler  
  119  12:25  Drone x3, Spore Crawler  
  108  12:37  Brood Lord  
  108  12:38  Brood Lord x8  
  116  13:00  Zergling x28  
  121  13:24  Zerg Ground Armor Level 2  
  121  13:25  Zerg Melee Weapons Level 2  
  102  14:02  Drone x3  
  105  14:03  Drone x3  
  105  14:07  Chitinous Plating  
  105  14:09  Hatchery  
  107  14:16  Hatchery  
  108  14:36  Corruptor  
  108  14:37  Corruptor x5  
  104  15:41  Brood Lord x6  
  104  15:42  Brood Lord  
Show
View Real Time Build Order
Export as new Build Order

Fropez Protoss 

Build Orders:  

Get SALT Encoding   

  12  0:02  Probe (Chrono Boost)  
  13  0:17  Pylon, Probe (Chrono Boost)  
  14  0:29  Probe (Chrono Boost)  
  15  0:37  Gateway  
  15  0:39  Probe (Chrono Boost)  
  16  0:50  Probe (Chrono Boost)  
  16  0:51  Pylon  
  17  1:00  Probe (Chrono Boost)  
  19  1:11  Pylon, Probe (Chrono Boost)  
  19  1:12  Assimilator  
  19  1:25  Cybernetics Core  
  19  1:27  Zealot (Chrono Boost)  
  19  1:32  Probe  
  22  1:44  Probe (Chrono Boost)  
  23  1:52  Pylon  
  23  1:56  Probe (Chrono Boost)  
  24  2:06  Probe (Chrono Boost)  
  25  2:16  Twilight Council  
  25  2:28  Nexus  
  25  2:40  Gateway  
  25  2:46  Gateway  
  25  2:47  Probe (Chrono Boost)  
  26  2:52  Resonating Glaives (Chrono Boost)  
  26  2:53  Assimilator  
  26  3:03  Adept (Chrono Boost)  
  28  3:10  Probe  
  26  3:34  Probe  
  25  3:39  Adept (Chrono Boost)  
  25  3:40  Adept (Chrono Boost)  
  26  3:45  Probe  
  26  3:46  Probe  
  28  3:51  Warp Gate (Chrono Boost)  
  28  3:58  Pylon  
  28  4:01  Probe  
  29  4:11  Gateway  
  29  4:19  Adept  
  29  4:24  Mothership Core  
  33  4:27  Probe  
  34  4:32  Adept  
  36  4:41  Assimilator  
  36  4:47  Pylon  
  36  4:55  Pylon  
  36  4:59  Probe  
  37  5:05  Assimilator  
  37  5:15  Robotics Facility  
  37  5:16  Probe  
  38  5:29  Probe  
  39  5:39  Probe  
  39  5:41  Gateway  
  40  5:52  Gateway  
  40  5:57  Probe  
  40  5:59  Probe  
  42  6:08  Warp Prism (Chrono Boost)  
  44  6:14  Adept  
  46  6:22  Probe  
  47  6:43  Adept x4  
  47  7:05  Probe x2  
  49  7:15  Gateway  
  49  7:16  Gateway  
  49  7:17  Probe x2  
  49  7:18  Pylon  
  51  7:32  Blink  
  51  7:44  Stalker x4  
  51  7:45  Stalker  
  59  7:55  Observer (Chrono Boost)  
  60  8:01  Pylon, Gateway  
  58  8:24  Stalker  
  58  8:26  Stalker  
  62  8:27  Stalker  
  62  8:29  Stalker x2  
  68  8:36  Pylon  
  68  8:40  Pylon  
  68  8:47  Adept  
  70  8:52  Probe  
  70  8:53  Probe  
  72  9:04  Probe  
  73  9:17  Forge  
  73  9:19  Forge  
  73  9:32  Stalker x2  
  75  9:43  Probe  
  75  9:44  Probe  
  77  9:47  Nexus  
  77  9:49  Pylon  
  77  9:53  Stalker x2  
  77  9:56  Probe x2  
  83  10:07  Stalker x2  
  83  10:09  Probe x2  
  87  10:49  Adept x5  
  97  10:50  Adept x3  
  99  11:06  Probe  
  99  11:07  Probe x2  
  102  11:14  Assimilator  
  102  11:17  Assimilator  
  102  11:25  Stalker x5  
  107  11:26  Stalker  
  95  12:13  Stalker x5  
  95  12:14  Stalker x2  
  95  12:45  Protoss Ground Weapons Level 1 (Chrono Boost), Protoss Ground Armor Level 1 (Chrono Boost)  
  95  12:47  Probe  
  95  12:48  Warp Prism  
  98  13:11  Stalker x2  
  98  13:12  Stalker x4  
  110  13:21  Nexus  
  96  13:45  Adept x5  
  96  13:46  Adept x3  
  104  13:52  Probe x2  
  106  14:08  Adept x2  
  110  14:22  Pylon  
  110  14:23  Pylon  
  110  14:29  Pylon  
  110  14:33  Probe  
  109  14:49  Adept x2  
  109  14:50  Adept x5  
  123  14:59  Protoss Ground Weapons Level 2 (Chrono Boost)  
  119  15:01  Protoss Ground Armor Level 2 (Chrono Boost)  
  107  15:14  Stalker x3  
  107  15:15  Stalker  
  103  15:27  Stalker x3  
  93  15:44  Stalker x2  
  93  15:45  Stalker x2  
  79  16:16  Nexus  
  77  16:25  Stalker x6  
  73  17:01  Stalker x4  
Tags
 
Matchup
PvZ
Replay Pack
All Mines
Spawn Locations
Cross Positions
Add a new tag
Caveats
  • Supply blocks, unpowered buildings, or Contaminate may cause inaccurate times.
  • Supply counts are checked every 10 seconds.